 Dungeon Crawl Stone Soup version 0.31.0-12-g77e489cdc1 (webtiles) character file.

Game seed: 1166092775300577013

10987 Marvel the Basher (level 11, -10/102 (124) HPs)
             Began as a Troll Fighter on Feb 16, 2024.
             Was an Elder of Fedhas.
             Killed from afar by a laughing skull (21 damage)
             ... with a bolt of negative energy
             ... on level 11 of the Dungeon.
             The game lasted 00:20:27 (9312 turns).

Marvel the Basher (Troll Fighter)                   Turns: 9312, Time: 00:20:28

HP:   -10/102 (124) AC:  7    Str: 29    XL:     11   Next: 43%
MP:   0/19          EV:  9    Int:  3    God:    Fedhas [****..]
Gold: 277           SH:  9    Dex: 13    Spells: 10/10 levels left

rFire   . . .        p - +1 morningstar (chaos)
rCold   . . .        c - +1 kite shield
rNeg    . . .        y - +0 steam dragon scales
rPois   +            (helmet restricted)
rElec   .            m - scarf {shadows}
rCorr   .            (gloves unavailable)
SInv    .            (boots unavailable)
Will    .....        x - amulet of guardian spirit
Stlth   +            o - ring of magical power
HPRegen 1.17/turn    h - ring of poison resistance
MPRegen 0.16/turn

%: guardian spirit
@: heavily drained
A: large, unfitting armour, claws 3, regeneration 1, shaggy fur 1, tough skin 1,
agile 1, robust 1
a: Renounce Religion, Wall of Briars, Grow Ballistomycete, Overgrow


You were on level 11 of the Dungeon.
You worshipped Fedhas.
Fedhas was greatly pleased with you.
You visited 1 branch of the dungeon, and saw 11 of its levels.
You also visited: Ossuary.

You collected 426 gold pieces.
You spent 149 gold pieces at shops.

Inventory:

Hand Weapons
 a - a +0 flail
 p - a +1 morningstar of chaos (weapon)
 r - a +3 dire flail of protection
 H - a +2 morningstar
Missiles
 q - 13 boomerangs (quivered)
 G - a throwing net
Armour
 b - a +0 robe
 c - a +1 kite shield (worn)
 m - a scarf of shadows (worn)
 y - +0 steam dragon scales (worn)
Jewellery
 h - a ring of poison resistance (right claw)
 o - a ring of magical power (left claw)
 x - an amulet of guardian spirit (around neck)
 J - a ring of magical power
Talismans
 A - a beast talisman
Wands
 n - a wand of mindburst (18)
 z - a wand of flame (11)
 F - a wand of iceblast (9)
Scrolls
 f - 3 scrolls of teleportation
 i - 5 scrolls of identify
 j - 2 scrolls of vulnerability
 u - 3 scrolls of fog
 v - 2 scrolls of revelation
 B - a scroll of amnesia
 C - 2 scrolls of immolation
 D - 2 scrolls of fear
 E - a scroll of blinking
Potions
 d - a potion of invisibility
 e - 3 potions of curing
 g - a potion of ambrosia
 k - a potion of berserk rage
 l - 2 potions of haste
 s - 4 potions of heal wounds
 t - 4 potions of mutation
 w - a potion of cancellation
 I - 2 potions of enlightenment {unknown}


   Skills:
 + Level 8.8 Fighting
 + Level 13.8 Maces & Flails
 + Level 1.7 Throwing
 - Level 2.4 Dodging
 - Level 2.6 Shields


You had 10 spell levels left.
You didn't know any spells.
Your spell library contained the following spells:

 Spells                   Type           Power      Damage    Failure   Level
 Freeze                   Ice            0%         1d3       77%         1
 Tukima's Dance           Hex            0%         N/A       98%         3
 Dimensional Bullseye     Hex/Tloc       0%         N/A       100%        4
 Summon Mana Viper        Hex/Summ       0%         N/A       100%        5


Dungeon Overview and Level Annotations

Branches:
Dungeon (11/15)            Temple (0/1) D:6            Lair (0/5) D:10
    Orc (0/2) D:10        Ossuary (visited)

Altars:
Fedhas
Kikubaaqudgha
Trog
Vehumet
Wu Jian
The Shining One

Shops:
D:6 ?

Annotations:
D:5 1 transporter, NarcSill's ghost, novice DsGl


Innate Abilities, Weirdness & Mutations

You are too large for most types of armour.
You have claws for hands.
Your natural rate of healing is unusually fast.
You are covered in fur. (AC +1)
You have tough skin. (AC +1)
You are agile. (Dex +4, Str/Int -1)
You are robust. (+10% HP)


Message History

The deep elf archer casts a spell at you.
You are confused.
You bump into the metal wall.
The laughing skull headbutts you but does no damage.
The laughing skull barely misses you.
You're too confused to move!
The deep elf archer shoots an arrow.
The arrow barely misses you. The laughing skull headbutts you!
You bump into the metal wall.
The laughing skull headbutts you but does no damage.
The deep elf archer shoots an arrow.
The arrow closely misses you.
You bump into the rock wall.
The deep elf archer shoots an arrow.
The arrow hits you!
You bump into the metal wall.
You feel less confused.
The deep elf archer mumbles some strange words.
The deep elf archer blinks!
The deep elf archer shoots an arrow.
The arrow hits you!
The deep elf archer shoots an arrow.
The arrow barely misses you.
The laughing skull cackles spitefully.
The bolt of negative energy hits you!!
You feel drained.
The laughing skull cackles spitefully.
The bolt of negative energy hits you!!
You feel drained.
The deep elf archer shoots an arrow.
You block the arrow.
You hear a shout!
Okay, then.
The deep elf archer casts a spell.
The deep elf archer blinks!
The laughing skull gibbers with scorn.
The bolt of negative energy misses you.
The laughing skull cackles spitefully.
The bolt of negative energy hits you!
You feel drained.
* * * LOW HITPOINT WARNING * * *
The laughing skull cackles spitefully.
The bolt of negative energy hits you!!
You feel drained.
* * * LOW HITPOINT WARNING * * *
The laughing skull lets out a vicious peal of laugher.
The bolt of negative energy hits you!!
You feel drained.
You die...
The laughing skull crumbles to pieces from sheer joy.
Fedhas appreciates your contribution to the ecosystem.

#.# .....+
.########.####....##
#.............+.....#
#...........###.....#
+...........'..#..#.#
#...........##.#..#.#
#...........##.#<...# ##
#...........##.#.#####$ #
#.......##'###@### #$ [#
#.......##.# #.##! #e .#.
##########.# #.### .##e#
#.# #z##§##.#
#.###.##.§##
#######......###.#####.##
..................e.....#
########....########.##.#
#....# ..


You could see a laughing skull.

Vanquished Creatures
  A deep elf high priest (D:11)
  A centaur warrior (D:8)
  2 two-headed ogres
  The ghost of Peloso the Carver, a novice MiFi of Okawaru (D:8)
  Pikel (D:4)
  An ugly thing (D:8)
  A troll (D:10)
  Prince Ribbit (D:9)
  Grinder (D:5)
  A wraith (D:11)
  A vampire (D:10)
  2 wyverns (D:7)
  12 yaks
  A steam dragon (D:9)
  A vampire mosquito (D:8)
  2 acid dragons
  Edmund (D:4)
  A black bear (D:7)
  6 orc warriors
  3 ice beasts
  A sky beast (D:8)
  2 wolves (D:9)
  A centaur (D:7)
  A lemure (D:4)
  A kobold brigand (D:8)
  A weeping skull (Ossuary)
  2 elf zombies (Ossuary)
  2 bullfrogs
  4 scorpions
  A burial acolyte (Ossuary)
  5 wights
  A killer bee (D:8)
  2 howler monkeys (D:9)
  Crazy Yiuf (D:5)
  3 jellies
  6 orc priests
  2 bombardier beetles (D:4)
  4 hounds
  2 gnoll boudas
  2 iguanas
  Ijyb (D:3)
  12 orc wizards
  3 mummies (Ossuary)
  14 gnolls
  11 adders
  4 ribbon worms
  9 dart slugs
  30 orcs
  7 bats
  8 endoplasms
  2 giant cockroaches
  5 goblins
  5 hobgoblins
  A jackal (D:4)
  5 quokkas
  10 ball pythons
  6 frilled lizards (D:2)
  2 gnoll zombies (Ossuary)
  8 kobolds
  2 kobold zombies (Ossuary)
  10 rats
240 creatures vanquished.

Vanquished Creatures (collateral kills)
  3 orcs (D:10)
3 creatures vanquished.

Vanquished Creatures (others)
  A yak (D:9)
  A sleepcap (D:6)
  An adder (D:6)
  An orc (D:5)
4 creatures vanquished.

Grand Total: 247 creatures vanquished

Notes
Turn   | Place    | Note
-------+----------+-------------------------------------------
     0 | D:1      | Marvel the Troll Fighter began the quest for the Orb.
     0 | D:1      | Reached XP level 1. HP: 22/22 MP: 0/0
   110 | D:1      | Reached skill level 2 in Maces & Flails
   138 | D:1      | Reached XP level 2. HP: 27/29 MP: 1/1
   146 | D:1      | You fall into a shaft and drop 1 floor!
   717 | D:2      | Reached XP level 3. HP: 37/37 MP: 2/2
   868 | D:2      | Reached skill level 3 in Maces & Flails
  1221 | D:3      | Reached XP level 4. HP: 45/45 MP: 3/3
  1294 | D:3      | Noticed Ijyb
  1320 | D:3      | Killed Ijyb
  1494 | D:3      | Reached skill level 4 in Maces & Flails
  1494 | D:3      | Reached XP level 5. HP: 33/53 MP: 4/4
  2184 | D:4      | Noticed Edmund
  2202 | D:4      | Killed Edmund
  2203 | D:4      | Reached skill level 5 in Maces & Flails
  2203 | D:4      | Reached XP level 6. HP: 15/62 MP: 5/5
  2305 | D:4      | Noticed Pikel
  2319 | D:4      | Killed Pikel
  2320 | D:4      | Reached skill level 6 in Maces & Flails
  2320 | D:4      | Reached XP level 7. HP: 26/71 MP: 6/6
  2562 | D:4      | Found a sand-covered staircase.
  2570 | Ossuary  | Entered an ossuary
  2736 | Ossuary  | Reached skill level 7 in Maces & Flails
  2742 | Ossuary  | Reached XP level 8. HP: 51/79 MP: 7/7
  2808 | Ossuary  | Gained mutation: You are agile. (Dex +4, Str/Int -1)
                  | [potion of mutation]
  2808 | Ossuary  | Gained mutation: You are robust. (+10% HP) [potion of
                  | mutation]
  2893 | D:4      | Reached skill level 5 in Fighting
  3009 | D:4      | Found a blossoming altar of Fedhas.
  3319 | D:4      | Became a worshipper of Fedhas Madash
  3412 | D:5      | Entered Level 5 of the Dungeon
  3465 | D:5      | Noticed Grinder
  3472 | D:5      | Paralysed by Grinder for 3 turns
  3479 | D:5      | Killed Grinder
  3480 | D:5      | Reached skill level 8 in Maces & Flails
  3644 | D:5      | Found a transporter.
  3649 | D:5      | Noticed NarcSill's ghost (novice DsGl)
  3856 | D:5      | Reached skill level 1 in Throwing
  4219 | D:5      | Found an ornate altar of the Wu Jian Council.
  4219 | D:5      | Found an ancient bone altar of Kikubaaqudgha.
  4307 | D:5      | Found a runed translucent door.
  4308 | D:5      | Noticed Crazy Yiuf
  4318 | D:5      | Killed Crazy Yiuf
  4450 | D:5      | Noticed a moth of wrath
  4453 | D:5      | Found a bloodstained altar of Trog.
  4692 | D:6      | Reached * piety under Fedhas
  4693 | D:6      | Reached skill level 9 in Maces & Flails
  4832 | D:6      | Found a staircase to the Ecumenical Temple.
  5003 | D:6      | Found Kiushryi's Magic Scroll Shop.
  5009 | D:6      | Bought a scroll of fear for 52 gold pieces
  5009 | D:6      | Bought a scroll of blinking for 97 gold pieces
  5031 | D:6      | Reached XP level 9. HP: 97/97 MP: 8/8
  5049 | D:6      | Got the Thoughts on Entrancing Chilblains
  5615 | D:7      | Reached skill level 10 in Maces & Flails
  5870 | D:7      | Reached ** piety under Fedhas
  6445 | D:8      | Reached skill level 11 in Maces & Flails
  6655 | D:8      | Found a large runed translucent door.
  6656 | D:8      | Found a large runed translucent door.
  6657 | D:8      | Noticed Peloso's ghost (novice MiFi)
  6751 | D:8      | Reached XP level 10. HP: 92/110 MP: 9/9
  6770 | D:8      | Found a runed translucent door.
  6991 | D:8      | Noticed a two-headed ogre
  6998 | D:8      | Killed a two-headed ogre
  6998 | D:8      | Reached *** piety under Fedhas
  7281 | D:8      | Noticed a purple ugly thing
  7281 | D:8      | Noticed a centaur warrior
  7295 | D:8      | Killed a purple ugly thing
  7315 | D:8      | Killed a centaur warrior
  7316 | D:8      | Reached skill level 12 in Maces & Flails
  7464 | D:8      | Killed Peloso's ghost
  7537 | D:9      | Noticed a two-headed ogre
  7547 | D:9      | Killed a two-headed ogre
  7648 | D:9      | Noticed Prince Ribbit
  7667 | D:9      | Killed Prince Ribbit
  7714 | D:9      | Reached skill level 13 in Maces & Flails
  7853 | D:9      | Found a glowing golden altar of the Shining One.
  8019 | D:10     | Entered Level 10 of the Dungeon
  8028 | D:10     | Found a staircase to the Lair.
  8090 | D:9      | Reached XP level 11. HP: 93/122 MP: 10/10
  8308 | D:10     | Found a staircase to the Orcish Mines.
  8389 | D:10     | Found a radiant altar of Vehumet.
  8649 | D:10     | Reached **** piety under Fedhas
  9277 | D:11     | Noticed a deep elf high priest
  9277 | D:11     | Noticed a deep elf archer
  9292 | D:11     | Killed a deep elf high priest
  9293 | D:11     | Noticed a deep elf archer
  9312 | D:11     | Killed from afar by a laughing skull

Illustrated notes

Levels and vault maps discovered:
D:1:      scummos_arrival_checkerplants, layout_loops_ring
D:2:      layout_basic, grunt_decor_junction, minmay_cut_off
D:3:      layout_basic, uniq_ijyb
D:4:      layout_basic, marbit_many_paths, chequers_ossuary_entry_cave,
          uniq_edmund, uniq_pikel
D:5:      layout_layer_cave, gammafunk_temple_overflow_pools, tgw_trog,
          gammafunk_ghost_smash, corner_web_ring, kennysheep_minor_cross,
          uniq_grinder, uniq_crazy_yiuf_cottage
D:6:      layout_layer_cave, temple_doors_ab, serial_shops, nicolae_shop_trees
D:7:      layout_rooms, dreamdust_gnoll_farm
D:8:      layout_loops_corners, ebering_ghost_disaster_area, wad_hexagon
D:9:      layout_rooms, kennysheep_mini, uniq_prince_ribbit1
D:10:     layout_stronghold, nicolae_vehumet_radiance,
          erik_lair_orcish_takeover, orc_0_dummy, minmay_misc_feat_encased
D:11:     minmay_glassy_protrusions, layout_basic, nicolae_ashenzari_skybound

Skill      XL: |  1  2  3  4  5  6  7  8  9 10 |
---------------+-------------------------------+-----
Maces & Flails | 2 3 4 5 6 7 9 11 13 | 13.8
Fighting       | 3 4 5 6 8 |  8.8
Throwing       | 1 |  1.7
Dodging        | |  2.4
Shields        | |  2.6

Action                     |  1- 3 |  4- 6 |  7- 9 | 10-12 || total
---------------------------+-------+-------+-------+-------++-------
  Melee: Flail             |   125 |    55 |       |       ||   180
         Morningstar       |       |    57 |   351 |   209 ||   617
  Throw: Boomerang         |       |     3 |     9 |     1 ||    13
    Use: Scroll            |       |     5 |     5 |     6 ||    16
         Potion            |       |       |     1 |     3 ||     4
   Stab: Sleeping          |     1 |       |     1 |       ||     2
         Petrified         |       |       |     1 |       ||     1
         Distracted        |       |       |       |     1 ||     1
         Paralysed         |       |       |       |     1 ||     1
 Armour: Robe              |    91 |    68 |   219 |    52 ||   430
         Steam dragon scal |       |       |       |   112 ||   112
  Dodge: Dodged            |    70 |    43 |   119 |    59 ||   291
  Block: Kite shield       |    59 |    53 |   143 |   101 ||   356
